![]() |
![]() |
![]() |
html PUBLIC "-//W3C//DTD XHTML 1.0 Transitional//EN" "http://www.w3.org/TR/xhtml1/DTD/xhtml1-transitional.dtd">
CALGARY FIREMEN vs SALEM BLACK JAYSCreated - 26 octobre 2024 at 23:12
1st period
No Goal
Penalties :
Martin Necas (SAL) for Hooking (Minor) at 2:50
2nd period
1. SALEM BLACK JAYS , Dylan Larkin 3 (Mikko Rantanen 6) at 0:13
2. CALGARY FIREMEN , Andrew Copp 2 (Mason Marchment 2, Filip Forsberg 2) at 17:35 Penalties :
Mason Marchment (CGY) for Roughing (Minor) at 6:19, Nikita Zadorov (SAL) for Hooking (Minor) at 10:07
3rd period
3. CALGARY FIREMEN , Andrew Copp 3 (Filip Forsberg 3) at 9:38
Penalties :
Darren Raddysh (CGY) for Holding (Minor) at 4:21, Nikita Zadorov (SAL) for Hooking (Minor) at 17:01
Goalie StatsMarc-Andre Fleury (CGY), 28 saves from 29 shots - (0,966), W, 1-0-1, 60:00 minutes
Juuse Saros (SAL), 28 saves from 30 shots - (0,933), L, 3-2-0, 59:08 minutes
Players Stats for CALGARY FIREMENPlayer Name G A P +/- PIM S H SB GA TA FO MP PP MP PK MP ------------------------------------------------------------------------------------ Andrew Copp 2 0 2 2 0 5 1 1 0 0 11/22 21:02 3:04 0:27 Brett Howden 0 0 0 0 0 0 0 0 0 0 2/7 8:24 0:00 1:26 Calle Jarnkrok 0 0 0 0 0 2 1 0 0 0 0/0 20:14 2:53 2:05 Cody Glass 0 0 0 0 0 1 0 0 0 0 0/0 6:58 0:00 0:00 Darren Raddysh 0 0 0 2 2 0 5 1 0 0 0/0 14:28 0:00 0:55 Fabian Zetterlund 0 0 0 0 0 4 0 0 0 0 1/2 18:20 3:04 0:00 Filip Forsberg 0 2 2 2 0 4 1 1 0 0 0/0 19:46 3:04 0:00 Isac Lundestrom 0 0 0 -1 0 0 0 1 0 0 0/2 12:40 0:00 1:26 Jack Drury 0 0 0 0 0 3 1 0 0 0 5/17 14:27 0:00 0:00 Jake McCabe 0 0 0 -1 0 2 4 1 0 0 0/0 22:14 3:05 0:27 Jared Spurgeon 0 0 0 0 0 0 0 1 0 0 0/0 21:07 3:05 1:07 Martin Fehervary 0 0 0 0 0 1 1 4 0 0 0/0 22:25 2:52 1:44 Mason Marchment 0 1 1 2 2 1 0 0 0 0 0/0 19:29 2:53 0:00 Michael McCarron 0 0 0 -1 0 3 2 0 0 0 2/4 13:14 0:00 2:05 Rasmus Sandin 0 0 0 -1 0 2 1 1 0 0 0/0 23:35 2:52 1:56 Ryan Graves 0 0 0 2 0 0 0 1 0 0 0/0 16:10 0:00 1:47 Ryan Johansen 0 0 0 -1 0 0 1 0 0 0 14/21 14:29 2:53 0:27 Yakov Trenin 0 0 0 0 0 2 0 0 0 0 0/0 6:58 0:00 0:00 Players Stats for SALEM BLACK JAYSPlayer Name G A P +/- PIM S H SB GA TA FO MP PP MP PK MP ------------------------------------------------------------------------------------ Barrett Hayton 0 0 0 0 0 0 0 0 0 0 2/3 19:29 2:21 2:15 Brett Seney 0 0 0 -1 0 1 0 0 0 0 0/0 4:29 0:00 0:00 Cody Ceci 0 0 0 -1 0 3 2 1 0 0 0/0 23:27 1:37 3:38 Colin Miller 0 0 0 0 0 0 0 0 0 0 0/0 16:36 0:00 1:38 Dylan Cozens 0 0 0 0 0 3 4 0 0 0 11/24 19:29 2:21 2:15 Dylan Larkin 1 0 1 0 0 5 0 0 0 0 16/22 21:07 1:37 0:00 Filip Chytil 0 0 0 -1 0 0 0 0 0 0 1/4 4:29 0:00 0:00 Joe Snively 0 0 0 0 0 0 0 0 0 0 1/1 11:13 0:00 0:00 Joshua Morrissey 0 0 0 -1 0 1 4 2 0 0 0/0 25:50 2:21 3:38 Mark Friedman 0 0 0 -1 0 0 1 1 0 0 0/0 4:29 0:00 0:00 Martin Necas 0 0 0 0 2 2 1 0 0 0 0/0 13:43 0:00 2:31 Mathew Barzal 0 0 0 0 0 4 0 0 0 0 1/1 16:30 1:37 0:00 Matthew Grzelcyk 0 0 0 0 0 0 0 0 0 0 0/0 19:21 1:37 2:19 Mikko Rantanen 0 1 1 0 0 2 1 1 0 0 0/2 22:18 1:37 1:11 Mitchell Marner 0 0 0 0 0 7 1 0 0 0 0/2 21:03 1:33 0:00 Nikita Zadorov 0 0 0 0 4 0 2 2 0 0 0/0 19:07 1:33 0:41 Theodor Blueger 0 0 0 0 0 1 2 0 0 0 8/16 15:43 0:48 3:42 Urho Vaakanainen 0 0 0 0 0 0 0 1 0 0 0/0 15:37 0:48 0:00 3 Stars
1 - Andrew Copp (CGY)
2 - Marc-Andre Fleury (CGY) 3 - Filip Forsberg (CGY) Power PlayCALGARY FIREMEN - 0 on 3 Attempt(s) - 0,00%
SALEM BLACK JAYS - 0 on 2 Attempt(s) - 0,00%
Penalty KillCALGARY FIREMEN - 2 on 2 Attempt(s) - 100,00%
- Score 0 goal in Penalty Kill
SALEM BLACK JAYS - 3 on 3 Attempt(s) - 100,00%
- Score 0 goal in Penalty Kill
Team StatCALGARY FIREMEN - Hits : 18 - Faceoff Wins : 35 - Blocked Shots : 12 - Penalty Minutes : 4
SALEM BLACK JAYS - Hits : 18 - Faceoff Wins : 40 - Blocked Shots : 8 - Penalty Minutes : 6
Official
Referees : Peter MacDougall and Troy Paterson
Linesman : Jim Harper and James Tobias Game Notes
No Game Note
FinanceLevel 1 -- Attendance: 6000 (100,00%) -- Ticket Income 918 000 $Level 2 -- Attendance: 5000 (100,00%) -- Ticket Income 535 000 $ Level 3 -- Attendance: 2000 (100,00%) -- Ticket Income 162 000 $ Level 4 -- Attendance: 4000 (100,00%) -- Ticket Income 232 000 $ Luxury Box -- Attendance: 1000 (100,00%) -- Ticket Income 278 000 $ Game was played at the Demon Arena. Total Attendance: 18000 (100,00%) Total Ticket Income: 2 125 000 $ Other Expense: 21 250 $ Total Income: 2 103 750 $ CALGARY FIREMEN5 vs 5 Forward Center Left Wing Right Wing Time % Phy DF OF 1 Andrew Copp Mason Marchment Filip Forsberg 34 0 1 4 2 Jack Drury Fabian Zetterlund Calle Jarnkrok 32 0 2 3 3 Ryan Johansen Isac Lundestrom Michael McCarron 25 1 3 1 4 Brett Howden Yakov Trenin Cody Glass 9 1 3 1 5 vs 5 Defense Defense Defense Time % Phy DF OF 1 Jake McCabe Rasmus Sandin 34 0 2 3 2 Martin Fehervary Jared Spurgeon 32 0 2 3 3 Ryan Graves Darren Raddysh 25 0 2 3 4 Jake McCabe Rasmus Sandin 9 0 2 3 PowerPlay Forward Center Left Wing Right Wing Time % Phy DF OF 1 Andrew Copp Fabian Zetterlund Filip Forsberg 55 1 0 4 2 Ryan Johansen Mason Marchment Calle Jarnkrok 45 1 0 4 PowerPlay Defense Defense Defense Time % Phy DF OF 1 Jake McCabe Jared Spurgeon 55 1 0 4 2 Rasmus Sandin Martin Fehervary 45 1 0 4 Penalty Kill 4 Players Forward Center Wing Time % Phy DF OF 1 Michael McCarron Calle Jarnkrok 55 1 4 0 2 Brett Howden Isac Lundestrom 45 1 4 0 Penalty Kill 4 Players Defense Defense Defense Time % Phy DF OF 1 Ryan Graves Darren Raddysh 55 1 4 0 2 Rasmus Sandin Martin Fehervary 45 1 4 0 Penalty Kill - 3 Players Forward Forward Time % Phy DF OF 1 Michael McCarron 55 1 4 0 2 Isac Lundestrom 45 1 4 0 Penalty Kill - 3 Players Defense Defense Defense Time % Phy DF OF 1 Darren Raddysh Ryan Graves 55 1 4 0 2 Rasmus Sandin Martin Fehervary 45 1 4 0 4 vs 4 Forward Center Wing Time % Phy DF OF 1 Andrew Copp Filip Forsberg 55 1 1 3 2 Jack Drury Mason Marchment 45 1 1 3 4 vs 4 Defense Defense Defense Time % Phy DF OF 1 Jake McCabe Jared Spurgeon 55 1 2 2 2 Rasmus Sandin Martin Fehervary 45 1 2 2 Last Minutes Offensive Center Left Wing Right Wing Defense Defense Andrew Copp Mason Marchment Filip Forsberg Jake McCabe Jared Spurgeon Last Minutes Defensive Center Left Wing Right Wing Defense Defense Andrew Copp Fabian Zetterlund Calle Jarnkrok Ryan Graves Martin Fehervary Goaltenders Starting : Marc-Andre Fleury Backup : Samuel Ersson Extra Forwards Normal : Jack Drury, Andrew Copp, Isac Lundestrom - PP : Jack Drury, Cody Glass - PK : Ryan Johansen Extra Defensemen Normal : Ryan Graves, Darren Raddysh, Rasmus Sandin - PP : Ryan Graves - PK : Darren Raddysh, Rasmus Sandin Penalty Shots Filip Forsberg, Andrew Copp, Fabian Zetterlund, Mason Marchment, Calle Jarnkrok Custom OT Lines Forwards Filip Forsberg, Andrew Copp, Fabian Zetterlund, Mason Marchment, Calle Jarnkrok, Ryan Johansen, Michael McCarron, Brett Howden, Yakov Trenin, Jack Drury Custom OT Lines Defensemen Jake McCabe, Jared Spurgeon, Rasmus Sandin, Martin Fehervary, Ryan Graves Scratches Gustav Lindstrom (Healthy), Jacob Bryson (Healthy) SALEM BLACK JAYS5 vs 5 Forward Center Left Wing Right Wing Time % Phy DF OF 1 Dylan Larkin Mikko Rantanen Mitchell Marner 38 1 1 3 2 Dylan Cozens Barrett Hayton Mathew Barzal 32 1 2 2 3 Theodor Blueger Joe Snively Martin Necas 22 1 2 2 4 Filip Chytil Brett Seney Mark Friedman 8 1 3 1 5 vs 5 Defense Defense Defense Time % Phy DF OF 1 Joshua Morrissey Cody Ceci 36 1 2 2 2 Nikita Zadorov Matthew Grzelcyk 31 1 2 2 3 Urho Vaakanainen Colin Miller 23 1 2 2 4 Nikita Zadorov Joshua Morrissey 10 1 2 2 PowerPlay Forward Center Left Wing Right Wing Time % Phy DF OF 1 Dylan Larkin Mikko Rantanen Mathew Barzal 55 1 1 3 2 Dylan Cozens Barrett Hayton Mitchell Marner 45 1 1 3 PowerPlay Defense Defense Defense Time % Phy DF OF 1 Joshua Morrissey Nikita Zadorov 55 1 2 2 2 Cody Ceci Matthew Grzelcyk 45 1 2 2 Penalty Kill 4 Players Forward Center Wing Time % Phy DF OF 1 Theodor Blueger Martin Necas 55 1 3 1 2 Dylan Cozens Barrett Hayton 45 1 3 1 Penalty Kill 4 Players Defense Defense Defense Time % Phy DF OF 1 Joshua Morrissey Cody Ceci 55 1 3 1 2 Nikita Zadorov Matthew Grzelcyk 45 1 3 1 Penalty Kill - 3 Players Forward Forward Time % Phy DF OF 1 Theodor Blueger 55 1 1 3 2 Dylan Cozens 45 1 1 3 Penalty Kill - 3 Players Defense Defense Defense Time % Phy DF OF 1 Joshua Morrissey Cody Ceci 55 1 1 3 2 Nikita Zadorov Matthew Grzelcyk 45 1 1 3 4 vs 4 Forward Center Wing Time % Phy DF OF 1 Dylan Larkin Mitchell Marner 55 1 2 2 2 Mathew Barzal Mikko Rantanen 45 1 2 2 4 vs 4 Defense Defense Defense Time % Phy DF OF 1 Joshua Morrissey Cody Ceci 55 1 2 2 2 Nikita Zadorov Matthew Grzelcyk 45 1 2 2 Last Minutes Offensive Center Left Wing Right Wing Defense Defense Dylan Larkin Mikko Rantanen Mitchell Marner Joshua Morrissey Cody Ceci Last Minutes Defensive Center Left Wing Right Wing Defense Defense Dylan Larkin Mikko Rantanen Mitchell Marner Joshua Morrissey Cody Ceci Goaltenders Starting : Juuse Saros Backup : Alex Nedeljkovic Extra Forwards Normal : Theodor Blueger, Filip Chytil, Joe Snively - PP : Theodor Blueger, Filip Chytil - PK : Mikko Rantanen Extra Defensemen Normal : Urho Vaakanainen, Colin Miller, Mark Friedman - PP : Urho Vaakanainen - PK : Colin Miller, Mark Friedman Penalty Shots Mikko Rantanen, Mitchell Marner, Mathew Barzal, Dylan Larkin, Martin Necas Custom OT Lines Forwards Mikko Rantanen, Mitchell Marner, Mathew Barzal, Dylan Larkin, Martin Necas, Dylan Cozens, Theodor Blueger, Barrett Hayton, Filip Chytil, Joe Snively Custom OT Lines Defensemen Joshua Morrissey, Cody Ceci, Nikita Zadorov, Matthew Grzelcyk, Urho Vaakanainen Scratches None
Play-by-Play1st period0:01 of 1st period - Dylan Larkin wins face-off versus Andrew Copp in neutral zone. 0:01 of 1st period - Dylan Larkin is hit by Andrew Copp. 0:04 of 1st period - Joshua Morrissey is hit by Jake McCabe and loses puck. 0:21 of 1st period - Shot by Filip Forsberg. 0:21 of 1st period - Stopped by Juuse Saros with a rebound. 1:06 of 1st period - Shot by Calle Jarnkrok. 1:06 of 1st period - Shot Misses the Net. 1:08 of 1st period - Shot by Martin Fehervary. 1:08 of 1st period - Stopped by Juuse Saros without a rebound. 1:09 of 1st period - Dylan Cozens wins face-off versus Ryan Johansen in SALEM BLACK JAYS zone. 1:09 of 1st period - Dylan Cozens is hit by Ryan Johansen. 1:14 of 1st period - Mathew Barzal is hit by Darren Raddysh and loses puck. 1:21 of 1st period - Shot by Dylan Cozens. 1:21 of 1st period - Stopped by Marc-Andre Fleury without a rebound. 1:22 of 1st period - Joe Snively wins face-off versus Jack Drury in CALGARY FIREMEN zone. 1:32 of 1st period - Martin Necas is hit by Martin Fehervary and loses puck. 1:43 of 1st period - Shot by Fabian Zetterlund. 1:43 of 1st period - Stopped by Juuse Saros without a rebound. 1:44 of 1st period - Dylan Cozens wins face-off versus Ryan Johansen in SALEM BLACK JAYS zone. 1:51 of 1st period - Shot by Mathew Barzal. 1:51 of 1st period - Stopped by Marc-Andre Fleury without a rebound. 1:52 of 1st period - Dylan Cozens wins face-off versus Brett Howden in CALGARY FIREMEN zone. 2:05 of 1st period - Shot by Dylan Cozens. 2:05 of 1st period - Shot Misses the Net. 2:50 of 1st period - Minor Penalty to Martin Necas for Hooking. 2:51 of 1st period - Andrew Copp wins face-off versus Theodor Blueger in SALEM BLACK JAYS zone. 3:04 of 1st period - Shot by Fabian Zetterlund. 3:04 of 1st period - Stopped by Juuse Saros with a rebound. 3:06 of 1st period - Shot by Jake McCabe. 3:06 of 1st period - Stopped by Juuse Saros without a rebound. 3:07 of 1st period - Ryan Johansen wins face-off versus Theodor Blueger in SALEM BLACK JAYS zone. 4:19 of 1st period - Off-side. 4:20 of 1st period - Andrew Copp wins face-off versus Theodor Blueger in neutral zone. 4:40 of 1st period - Shot by Dylan Cozens. 4:40 of 1st period - Shot Misses the Net. 4:42 of 1st period - Shot by Cody Ceci. 4:42 of 1st period - Stopped by Marc-Andre Fleury without a rebound. 4:43 of 1st period - Ryan Johansen wins face-off versus Theodor Blueger in CALGARY FIREMEN zone. 4:43 of 1st period - Ryan Johansen is hit by Theodor Blueger. 5:28 of 1st period - Shot by Yakov Trenin. 5:28 of 1st period - Stopped by Juuse Saros without a rebound. 5:29 of 1st period - Dylan Larkin wins face-off versus Jack Drury in SALEM BLACK JAYS zone. 5:29 of 1st period - Mikko Rantanen is hit by Jack Drury and loses puck. 5:33 of 1st period - Icing by Mitchell Marner. 5:34 of 1st period - Dylan Larkin wins face-off versus Jack Drury in SALEM BLACK JAYS zone. 5:47 of 1st period - Shot by Mitchell Marner. 5:47 of 1st period - Shot Misses the Net. 6:18 of 1st period - Shot by Fabian Zetterlund. 6:18 of 1st period - Shot Blocked by Mikko Rantanen. 6:34 of 1st period - Jake McCabe is hit by Mitchell Marner. 6:47 of 1st period - Shot by Filip Forsberg. 6:47 of 1st period - Shot Blocked by Nikita Zadorov. 7:50 of 1st period - Shot by Isac Lundestrom. 7:50 of 1st period - Shot Blocked by Cody Ceci. 8:14 of 1st period - Icing by Dylan Cozens. 8:15 of 1st period - Jack Drury wins face-off versus Dylan Cozens in SALEM BLACK JAYS zone. 8:42 of 1st period - Shot by Fabian Zetterlund. 8:42 of 1st period - Stopped by Juuse Saros with a rebound. 8:44 of 1st period - Shot by Calle Jarnkrok. 8:44 of 1st period - Shot Blocked by Joshua Morrissey. 8:46 of 1st period - Shot by Fabian Zetterlund. 8:46 of 1st period - Shot Misses the Net. 8:50 of 1st period - Shot by Fabian Zetterlund. 8:50 of 1st period - Shot Misses the Net. 9:06 of 1st period - Icing by Cody Ceci. 9:07 of 1st period - Andrew Copp wins face-off versus Dylan Cozens in SALEM BLACK JAYS zone. 9:18 of 1st period - Shot by Filip Forsberg. 9:18 of 1st period - Shot Blocked by Joshua Morrissey. 9:20 of 1st period - Shot by Filip Forsberg. 9:20 of 1st period - Stopped by Juuse Saros with a rebound. 9:22 of 1st period - Shot by Andrew Copp. 9:22 of 1st period - Stopped by Juuse Saros without a rebound. 9:23 of 1st period - Theodor Blueger wins face-off versus Brett Howden in SALEM BLACK JAYS zone. 10:47 of 1st period - Icing by Andrew Copp. 10:48 of 1st period - Andrew Copp wins face-off versus Mitchell Marner in CALGARY FIREMEN zone. 11:13 of 1st period - Shot by Dylan Larkin. 11:13 of 1st period - Stopped by Marc-Andre Fleury without a rebound. 11:14 of 1st period - Filip Chytil wins face-off versus Fabian Zetterlund in CALGARY FIREMEN zone. 11:57 of 1st period - Shot by Mitchell Marner. 11:57 of 1st period - Shot Misses the Net. 11:59 of 1st period - Shot by Dylan Larkin. 11:59 of 1st period - Shot Misses the Net. 12:01 of 1st period - Shot by Dylan Larkin. 12:01 of 1st period - Shot Misses the Net. 12:03 of 1st period - Shot by Mikko Rantanen. 12:03 of 1st period - Stopped by Marc-Andre Fleury without a rebound. 12:04 of 1st period - Ryan Johansen wins face-off versus Dylan Cozens in CALGARY FIREMEN zone. 12:04 of 1st period - Ryan Johansen is hit by Dylan Cozens. 12:12 of 1st period - Shot by Mathew Barzal. 12:12 of 1st period - Stopped by Marc-Andre Fleury without a rebound. 12:13 of 1st period - Dylan Larkin wins face-off versus Andrew Copp in CALGARY FIREMEN zone. 12:13 of 1st period - Dylan Larkin is hit by Jake McCabe. 12:47 of 1st period - Shot by Mitchell Marner. 12:47 of 1st period - Shot Misses the Net. 13:21 of 1st period - Off-side. 13:22 of 1st period - Ryan Johansen wins face-off versus Dylan Cozens in neutral zone. 13:52 of 1st period - Shot by Mathew Barzal. 13:52 of 1st period - Stopped by Marc-Andre Fleury with a rebound. 14:15 of 1st period - Michael McCarron is hit by Dylan Cozens and loses puck. 16:32 of 1st period - Shot by Mason Marchment. 16:32 of 1st period - Shot Hit the Post. 16:46 of 1st period - Shot by Brett Seney. 16:46 of 1st period - Stopped by Marc-Andre Fleury without a rebound. 16:47 of 1st period - Dylan Larkin wins face-off versus Brett Howden in CALGARY FIREMEN zone. 17:08 of 1st period - Shot by Mitchell Marner. 17:08 of 1st period - Stopped by Marc-Andre Fleury with a rebound. 17:22 of 1st period - Shot by Mikko Rantanen. 17:22 of 1st period - Shot Blocked by Jared Spurgeon. 18:11 of 1st period - Icing by Jake McCabe. 18:12 of 1st period - Theodor Blueger wins face-off versus Ryan Johansen in CALGARY FIREMEN zone. 18:12 of 1st period - Theodor Blueger is hit by Rasmus Sandin. 18:14 of 1st period - Shot by Martin Necas. 18:14 of 1st period - Shot Blocked by Rasmus Sandin. 19:58 of 1st period - Shot by Fabian Zetterlund. 19:58 of 1st period - Shot Misses the Net. Goals for this period are 0 for CALGARY FIREMEN vs 0 for SALEM BLACK JAYS. Shots for this period are 9 for CALGARY FIREMEN vs 9 for SALEM BLACK JAYS. 2nd period0:01 of 2nd period - Ryan Johansen wins face-off versus Mikko Rantanen in neutral zone. 0:13 of 2nd period - Shot by Mikko Rantanen. 0:13 of 2nd period - Deflect By Dylan Larkin. 0:13 of 2nd period - Goal by Dylan Larkin - CALGARY FIREMEN : 0 - SALEM BLACK JAYS : 1. 0:14 of 2nd period - Andrew Copp wins face-off versus Dylan Cozens in neutral zone. 0:53 of 2nd period - Shot by Mason Marchment. 0:53 of 2nd period - Stopped by Juuse Saros without a rebound. 0:54 of 2nd period - Dylan Larkin wins face-off versus Jack Drury in SALEM BLACK JAYS zone. 1:18 of 2nd period - Shot by Mitchell Marner. 1:18 of 2nd period - Stopped by Marc-Andre Fleury with a rebound. 1:40 of 2nd period - Shot by Mitchell Marner. 1:40 of 2nd period - Stopped by Marc-Andre Fleury without a rebound. 1:41 of 2nd period - Dylan Cozens wins face-off versus Ryan Johansen in CALGARY FIREMEN zone. 3:10 of 2nd period - Icing by Filip Forsberg. 3:11 of 2nd period - Dylan Larkin wins face-off versus Andrew Copp in CALGARY FIREMEN zone. 3:16 of 2nd period - Shot by Mitchell Marner. 3:16 of 2nd period - Shot Blocked by Martin Fehervary. 3:22 of 2nd period - Shot by Filip Forsberg. 3:22 of 2nd period - Shot Misses the Net. 3:29 of 2nd period - Andrew Copp is hit by Joshua Morrissey and loses puck. 3:38 of 2nd period - Icing by Andrew Copp. 3:39 of 2nd period - Andrew Copp wins face-off versus Filip Chytil in CALGARY FIREMEN zone. 3:54 of 2nd period - Shot by Mason Marchment. 3:54 of 2nd period - Shot Blocked by Nikita Zadorov. 3:56 of 2nd period - Shot by Andrew Copp. 3:56 of 2nd period - Shot Misses the Net. 3:58 of 2nd period - Shot by Andrew Copp. 3:58 of 2nd period - Shot Misses the Net. 4:00 of 2nd period - Shot by Filip Forsberg. 4:00 of 2nd period - Shot Blocked by Mark Friedman. 4:18 of 2nd period - Shot by Calle Jarnkrok. 4:18 of 2nd period - Stopped by Juuse Saros without a rebound. 4:19 of 2nd period - Dylan Larkin wins face-off versus Brett Howden in SALEM BLACK JAYS zone. 4:46 of 2nd period - Brett Howden is hit by Cody Ceci and loses puck. 5:23 of 2nd period - Icing by Cody Ceci. 5:24 of 2nd period - Jack Drury wins face-off versus Dylan Larkin in SALEM BLACK JAYS zone. 5:24 of 2nd period - Fabian Zetterlund is hit by Joshua Morrissey and loses puck. 5:34 of 2nd period - Jack Drury is hit by Joshua Morrissey and loses puck. 5:51 of 2nd period - Shot by Fabian Zetterlund. 5:51 of 2nd period - Stopped by Juuse Saros without a rebound. 5:52 of 2nd period - Mathew Barzal wins face-off versus Andrew Copp in SALEM BLACK JAYS zone. 5:52 of 2nd period - Mathew Barzal is hit by Filip Forsberg. 6:19 of 2nd period - Minor Penalty to Mason Marchment for Roughing. 6:20 of 2nd period - Michael McCarron wins face-off versus Dylan Cozens in CALGARY FIREMEN zone. 6:43 of 2nd period - Shot by Joshua Morrissey. 6:43 of 2nd period - Stopped by Marc-Andre Fleury without a rebound. 6:44 of 2nd period - Dylan Larkin wins face-off versus Michael McCarron in CALGARY FIREMEN zone. 7:01 of 2nd period - Shot by Mikko Rantanen. 7:01 of 2nd period - Stopped by Marc-Andre Fleury without a rebound. 7:02 of 2nd period - Brett Howden wins face-off versus Dylan Larkin in CALGARY FIREMEN zone. 7:02 of 2nd period - Brett Howden is hit by Mikko Rantanen. 7:09 of 2nd period - Icing by Mikko Rantanen. 7:10 of 2nd period - Dylan Larkin wins face-off versus Michael McCarron in SALEM BLACK JAYS zone. 7:42 of 2nd period - Shot by Calle Jarnkrok. 7:42 of 2nd period - Stopped by Juuse Saros without a rebound. 7:43 of 2nd period - Dylan Cozens wins face-off versus Brett Howden in SALEM BLACK JAYS zone. 9:01 of 2nd period - Shot by Theodor Blueger. 9:01 of 2nd period - Stopped by Marc-Andre Fleury without a rebound. 9:02 of 2nd period - Dylan Larkin wins face-off versus Jack Drury in CALGARY FIREMEN zone. 9:21 of 2nd period - Shot by Mitchell Marner. 9:21 of 2nd period - Stopped by Marc-Andre Fleury without a rebound. 9:22 of 2nd period - Ryan Johansen wins face-off versus Dylan Cozens in CALGARY FIREMEN zone. 9:31 of 2nd period - Shot by Michael McCarron. 9:31 of 2nd period - Stopped by Juuse Saros without a rebound. 9:32 of 2nd period - Jack Drury wins face-off versus Mitchell Marner in SALEM BLACK JAYS zone. 9:35 of 2nd period - Shot by Fabian Zetterlund. 9:35 of 2nd period - Deflect By Jack Drury. 9:35 of 2nd period - Stopped by Juuse Saros with a rebound. 9:51 of 2nd period - Shot by Mikko Rantanen. 9:51 of 2nd period - Deflect By Mitchell Marner. 9:51 of 2nd period - Stopped by Marc-Andre Fleury without a rebound. 9:52 of 2nd period - Ryan Johansen wins face-off versus Dylan Cozens in CALGARY FIREMEN zone. 9:52 of 2nd period - Ryan Johansen is hit by Dylan Cozens. 10:07 of 2nd period - Minor Penalty to Nikita Zadorov for Hooking. 10:08 of 2nd period - Theodor Blueger wins face-off versus Andrew Copp in SALEM BLACK JAYS zone. 10:29 of 2nd period - Shot by Fabian Zetterlund. 10:29 of 2nd period - Shot Misses the Net. 10:31 of 2nd period - Shot by Andrew Copp. 10:31 of 2nd period - Stopped by Juuse Saros without a rebound. 10:32 of 2nd period - Ryan Johansen wins face-off versus Theodor Blueger in SALEM BLACK JAYS zone. 11:00 of 2nd period - Icing by Ryan Johansen. 11:01 of 2nd period - Ryan Johansen wins face-off versus Theodor Blueger in CALGARY FIREMEN zone. 11:01 of 2nd period - Ryan Johansen is hit by Martin Necas. 11:12 of 2nd period - Mason Marchment is hit by Joshua Morrissey and loses puck. 12:19 of 2nd period - Shot by Cody Glass. 12:19 of 2nd period - Stopped by Juuse Saros with a rebound. 12:24 of 2nd period - Icing by Mitchell Marner. 12:25 of 2nd period - Dylan Larkin wins face-off versus Ryan Johansen in SALEM BLACK JAYS zone. 12:55 of 2nd period - Shot by Darren Raddysh. 12:55 of 2nd period - Shot Misses the Net. 13:27 of 2nd period - Icing by Fabian Zetterlund. 13:28 of 2nd period - Dylan Cozens wins face-off versus Jack Drury in CALGARY FIREMEN zone. 13:31 of 2nd period - Shot by Dylan Cozens. 13:31 of 2nd period - Stopped by Marc-Andre Fleury without a rebound. 13:32 of 2nd period - Dylan Cozens wins face-off versus Andrew Copp in CALGARY FIREMEN zone. 13:47 of 2nd period - Shot by Jake McCabe. 13:47 of 2nd period - Stopped by Juuse Saros without a rebound. 13:48 of 2nd period - Theodor Blueger wins face-off versus Jack Drury in SALEM BLACK JAYS zone. 14:00 of 2nd period - Icing by Jared Spurgeon. 14:01 of 2nd period - Dylan Cozens wins face-off versus Jack Drury in CALGARY FIREMEN zone. 14:07 of 2nd period - Off-side. 14:08 of 2nd period - Barrett Hayton wins face-off versus Andrew Copp in neutral zone. 14:44 of 2nd period - Shot by Mason Marchment. 14:44 of 2nd period - Shot Misses the Net. 15:03 of 2nd period - Off-side. 15:04 of 2nd period - Jack Drury wins face-off versus Dylan Larkin in neutral zone. 15:12 of 2nd period - Fabian Zetterlund is hit by Nikita Zadorov. 16:05 of 2nd period - Shot by Martin Necas. 16:05 of 2nd period - Stopped by Marc-Andre Fleury without a rebound. 16:06 of 2nd period - Ryan Johansen wins face-off versus Filip Chytil in CALGARY FIREMEN zone. 16:06 of 2nd period - Ryan Johansen is hit by Mark Friedman. 16:25 of 2nd period - Shot by Jake McCabe. 16:25 of 2nd period - Shot Misses the Net. 16:41 of 2nd period - Shot by Ryan Johansen. 16:41 of 2nd period - Shot Misses the Net. 17:33 of 2nd period - Shot by Mason Marchment. 17:33 of 2nd period - Shot Misses the Net. 17:35 of 2nd period - Shot by Andrew Copp. 17:35 of 2nd period - Goal by Andrew Copp - CALGARY FIREMEN : 1 - SALEM BLACK JAYS : 1. 17:36 of 2nd period - Brett Howden wins face-off versus Dylan Cozens in neutral zone. 19:02 of 2nd period - Shot by Dylan Larkin. 19:02 of 2nd period - Stopped by Marc-Andre Fleury with a rebound. 19:48 of 2nd period - Shot by Martin Necas. 19:48 of 2nd period - Shot Misses the Net. Goals for this period are 1 for CALGARY FIREMEN vs 1 for SALEM BLACK JAYS. Shots for this period are 10 for CALGARY FIREMEN vs 11 for SALEM BLACK JAYS. 3rd period0:01 of 3rd period - Ryan Johansen wins face-off versus Dylan Larkin in neutral zone. 0:26 of 3rd period - Icing by Cody Ceci. 0:27 of 3rd period - Jack Drury wins face-off versus Dylan Larkin in SALEM BLACK JAYS zone. 0:54 of 3rd period - Shot by Mitchell Marner. 0:54 of 3rd period - Shot Blocked by Martin Fehervary. 0:56 of 3rd period - Shot by Cody Ceci. 0:56 of 3rd period - Stopped by Marc-Andre Fleury with a rebound. 0:58 of 3rd period - Shot by Joshua Morrissey. 0:58 of 3rd period - Deflect By Mitchell Marner. 0:58 of 3rd period - Stopped by Marc-Andre Fleury without a rebound. 0:59 of 3rd period - Andrew Copp wins face-off versus Dylan Cozens in CALGARY FIREMEN zone. 0:59 of 3rd period - Andrew Copp is hit by Dylan Cozens. 1:27 of 3rd period - Shot by Filip Forsberg. 1:27 of 3rd period - Stopped by Juuse Saros with a rebound. 1:29 of 3rd period - Shot by Andrew Copp. 1:29 of 3rd period - Stopped by Juuse Saros without a rebound. 1:30 of 3rd period - Theodor Blueger wins face-off versus Isac Lundestrom in SALEM BLACK JAYS zone. 2:05 of 3rd period - Shot by Martin Necas. 2:05 of 3rd period - Stopped by Marc-Andre Fleury without a rebound. 2:06 of 3rd period - Dylan Cozens wins face-off versus Andrew Copp in CALGARY FIREMEN zone. 2:06 of 3rd period - Dylan Cozens is hit by Jake McCabe. 2:09 of 3rd period - Mathew Barzal is hit by Jake McCabe and loses puck. 4:21 of 3rd period - Minor Penalty to Darren Raddysh for Holding. 4:22 of 3rd period - Michael McCarron wins face-off versus Dylan Cozens in CALGARY FIREMEN zone. 4:45 of 3rd period - Shot by Joshua Morrissey. 4:45 of 3rd period - Shot Misses the Net. 5:03 of 3rd period - Shot by Theodor Blueger. 5:03 of 3rd period - Deflect By Dylan Cozens. 5:03 of 3rd period - Shot Blocked by Isac Lundestrom. 7:41 of 3rd period - Shot by Yakov Trenin. 7:41 of 3rd period - Shot Misses the Net. 8:05 of 3rd period - Shot by Jack Drury. 8:05 of 3rd period - Stopped by Juuse Saros without a rebound. 8:06 of 3rd period - Ryan Johansen wins face-off versus Barrett Hayton in SALEM BLACK JAYS zone. 8:32 of 3rd period - Shot by Barrett Hayton. 8:32 of 3rd period - Shot Misses the Net. 8:49 of 3rd period - Icing by Martin Fehervary. 8:50 of 3rd period - Dylan Larkin wins face-off versus Ryan Johansen in CALGARY FIREMEN zone. 8:51 of 3rd period - Shot by Mitchell Marner. 8:51 of 3rd period - Deflect By Dylan Larkin. 8:51 of 3rd period - Stopped by Marc-Andre Fleury with a rebound. 8:59 of 3rd period - Mitchell Marner is hit by Michael McCarron and loses puck. 9:10 of 3rd period - Shot by Mikko Rantanen. 9:10 of 3rd period - Shot Misses the Net. 9:29 of 3rd period - Shot by Jack Drury. 9:29 of 3rd period - Stopped by Juuse Saros without a rebound. 9:30 of 3rd period - Andrew Copp wins face-off versus Filip Chytil in SALEM BLACK JAYS zone. 9:30 of 3rd period - Andrew Copp is hit by Cody Ceci. 9:38 of 3rd period - Shot by Andrew Copp. 9:38 of 3rd period - Goal by Andrew Copp - CALGARY FIREMEN : 2 - SALEM BLACK JAYS : 1. 9:39 of 3rd period - Barrett Hayton wins face-off versus Andrew Copp in neutral zone. 9:46 of 3rd period - Shot by Dylan Cozens. 9:46 of 3rd period - Stopped by Marc-Andre Fleury with a rebound. 9:49 of 3rd period - Icing by Rasmus Sandin. 9:50 of 3rd period - Andrew Copp wins face-off versus Mikko Rantanen in CALGARY FIREMEN zone. 10:10 of 3rd period - Shot by Andrew Copp. 10:10 of 3rd period - Shot Misses the Net. 10:41 of 3rd period - Icing by Joshua Morrissey. 10:42 of 3rd period - Dylan Larkin wins face-off versus Jack Drury in SALEM BLACK JAYS zone. 11:01 of 3rd period - Shot by Mathew Barzal. 11:01 of 3rd period - Shot Blocked by Ryan Graves. 11:03 of 3rd period - Shot by Mathew Barzal. 11:03 of 3rd period - Stopped by Marc-Andre Fleury without a rebound. 11:04 of 3rd period - Theodor Blueger wins face-off versus Isac Lundestrom in CALGARY FIREMEN zone. 11:13 of 3rd period - Theodor Blueger is hit by Michael McCarron and loses puck. 11:18 of 3rd period - Shot by Michael McCarron. 11:18 of 3rd period - Stopped by Juuse Saros without a rebound. 11:19 of 3rd period - Dylan Cozens wins face-off versus Jack Drury in SALEM BLACK JAYS zone. 11:23 of 3rd period - Mathew Barzal is hit by Darren Raddysh. 11:43 of 3rd period - Dylan Cozens is hit by Darren Raddysh and loses puck. 11:47 of 3rd period - Mathew Barzal is hit by Darren Raddysh and loses puck. 11:52 of 3rd period - Shot by Dylan Cozens. 11:52 of 3rd period - Shot Misses the Net. 12:10 of 3rd period - Icing by Ryan Graves. 12:11 of 3rd period - Dylan Larkin wins face-off versus Jack Drury in CALGARY FIREMEN zone. 12:13 of 3rd period - Mikko Rantanen is hit by Darren Raddysh. 12:21 of 3rd period - Shot by Mikko Rantanen. 12:21 of 3rd period - Shot Blocked by Darren Raddysh. 12:23 of 3rd period - Shot by Dylan Larkin. 12:23 of 3rd period - Stopped by Marc-Andre Fleury without a rebound. 12:24 of 3rd period - Theodor Blueger wins face-off versus Andrew Copp in CALGARY FIREMEN zone. 13:03 of 3rd period - Rasmus Sandin is hit by Theodor Blueger. 13:58 of 3rd period - Shot by Mikko Rantanen. 13:58 of 3rd period - Shot Misses the Net. 14:33 of 3rd period - Shot by Dylan Cozens. 14:33 of 3rd period - Shot Misses the Net. 15:01 of 3rd period - Shot by Yakov Trenin. 15:01 of 3rd period - Stopped by Juuse Saros without a rebound. 15:02 of 3rd period - Fabian Zetterlund wins face-off versus Theodor Blueger in SALEM BLACK JAYS zone. 15:09 of 3rd period - Shot by Martin Necas. 15:09 of 3rd period - Shot Blocked by Jake McCabe. 15:21 of 3rd period - Shot by Calle Jarnkrok. 15:21 of 3rd period - Shot Blocked by Urho Vaakanainen. 15:23 of 3rd period - Shot by Fabian Zetterlund. 15:23 of 3rd period - Deflect By Calle Jarnkrok. 15:23 of 3rd period - Shot Misses the Net. 16:10 of 3rd period - Shot by Mitchell Marner. 16:10 of 3rd period - Shot Blocked by Andrew Copp. 16:12 of 3rd period - Shot by Cody Ceci. 16:12 of 3rd period - Stopped by Marc-Andre Fleury without a rebound. 16:13 of 3rd period - Ryan Johansen wins face-off versus Dylan Cozens in CALGARY FIREMEN zone. 16:26 of 3rd period - Shot by Michael McCarron. 16:26 of 3rd period - Stopped by Juuse Saros without a rebound. 16:27 of 3rd period - Andrew Copp wins face-off versus Dylan Larkin in SALEM BLACK JAYS zone. 16:27 of 3rd period - Filip Forsberg is hit by Nikita Zadorov and loses puck. 16:54 of 3rd period - Shot by Dylan Larkin. 16:54 of 3rd period - Shot Blocked by Filip Forsberg. 17:01 of 3rd period - Minor Penalty to Nikita Zadorov for Hooking. 17:02 of 3rd period - Ryan Johansen wins face-off versus Theodor Blueger in SALEM BLACK JAYS zone. 17:27 of 3rd period - Cody Ceci is hit by Calle Jarnkrok and loses puck. 18:01 of 3rd period - Shot by Fabian Zetterlund. 18:01 of 3rd period - Shot Misses the Net. 18:03 of 3rd period - Shot by Rasmus Sandin. 18:03 of 3rd period - Stopped by Juuse Saros without a rebound. 18:04 of 3rd period - Andrew Copp wins face-off versus Dylan Cozens in SALEM BLACK JAYS zone. 18:19 of 3rd period - Shot by Filip Forsberg. 18:19 of 3rd period - Stopped by Juuse Saros without a rebound. 18:20 of 3rd period - Theodor Blueger wins face-off versus Andrew Copp in SALEM BLACK JAYS zone. 18:42 of 3rd period - Shot by Rasmus Sandin. 18:42 of 3rd period - Stopped by Juuse Saros without a rebound. 18:43 of 3rd period - Dylan Cozens wins face-off versus Ryan Johansen in SALEM BLACK JAYS zone. 19:08 of 3rd period - SALEM BLACK JAYS, Juuse Saros is pulled from the net. 19:12 of 3rd period - Shot by Dylan Larkin. 19:12 of 3rd period - Shot Misses the Net. 19:14 of 3rd period - Shot by Mitchell Marner. 19:14 of 3rd period - Deflect By Mikko Rantanen. 19:14 of 3rd period - Shot Misses the Net. 19:22 of 3rd period - Shot by Mitchell Marner. 19:22 of 3rd period - Shot Blocked by Martin Fehervary. 19:24 of 3rd period - Shot by Dylan Larkin. 19:24 of 3rd period - Shot Blocked by Martin Fehervary. 19:26 of 3rd period - Shot by Mitchell Marner. 19:26 of 3rd period - Shot Misses the Net. 19:54 of 3rd period - Shot by Mitchell Marner. 19:54 of 3rd period - Stopped by Marc-Andre Fleury without a rebound. 19:55 of 3rd period - Dylan Larkin wins face-off versus Jack Drury in CALGARY FIREMEN zone. Goals for this period are 1 for CALGARY FIREMEN vs 0 for SALEM BLACK JAYS. Shots for this period are 11 for CALGARY FIREMEN vs 9 for SALEM BLACK JAYS. Back to the Top |
![]() |
![]() |
![]() |
MATTHEW TKACHUK |
TOM WILSON |
JAKE GUENTZEL |